AoeStats
← RisingPhoenix001

Arena

509626846Analyzed
1v1 RM · 4d ago on Sep 27, 2026· 35m 41s· 2 players
Game mode
Random Map
Map size
Tiny (2 player)
Population
200
Speed
Normal
Resources
Standard
Victory
Conquest
Starting age
Dark Age
Ending age
Imperial Age
RankedLock teamsTeams togetherTeam positionsShared explorationLock speedFull tech treeHidden civsTurbo modeCheats
Victory
Defeat
🇹🇷 Khmer · Türkiye
724
+15
🇮🇳 Varangians · India
710
-15
RisingPhoenix001
11:33 Feudal Age
16:22 Castle Age
15:33 Double-Bit Axe
15:32 Horse Collar
17:53 Bloodlines
18:13 Husbandry
22:14 Bow Saw
26:45 Scale Barding Armor
29:14 Wheelbarrow
29:17 Gold Mining
30:36 Chain Barding Armor
34:38 Imperial Age
Judas
11:28 Feudal Age
12:49 Wheelbarrow
11:59 Horse Collar
12:16 Stone Mining
15:55 Double-Bit Axe
16:04 Gold Mining
22:33 Castle Age
20:50 Padded Archer Armor
21:09 Fletching
21:58 Forging
23:37 Crossbowman
23:41 Pikeman
25:36 Bodkin Arrow
28:13 Scale Barding Armor
29:23 Bow Saw
35:28 Imperial Age
33:49 Elite Skirmisher
Connection lost

Rejoining the realm…

Still unreachable

The connection could not be restored.

Session expired

The server has moved on; the page needs a fresh start.